[Event "Titled Tuesday Blitz June 20 Late 2023"]
[White "MKlose11"]
[Black "Davidson, Kevin"]
[BlackFideId "2056810"]
[WhiteElo "2590"]
[BlackElo "2151"]
[Result "1-0"]
[Round "1"]
[TimeControl "180+2"]
[Date "2023.06.20"]
[WhiteClock "0:00:39"]
[BlackClock "0:00:00"]
[Board "155"]

1. e4 c5 2. Nc3 a6 3. g3 b5 4. Bg2 Bb7 5. d3 e6 6. Nh3 Nf6 7. O-O b4 8. Ne2 d6 9. f4 Be7 10. f5 exf5 11. Rxf5 Nc6 12. Rf1 O-O 13. Nf2 Re8 14. Be3 Bf8 15. Qd2 Ne5 16. h3 g6 17. Nf4 Bg7 18. Rae1 a5 19. g4 Nfd7 20. Nd1 Qc7 21. Rf2 Rac8 22. Ref1 c4 23. d4 c3 24. bxc3 bxc3 25. Qc1 Nc4 26. d5 Nxe3 27. Qxe3 Qc4 28. Ne2 Ne5 29. Ndxc3 Ba6 30. g5 Rc7 31. Qb6 Rd7 32. Qxa5 Rb8 33. Qa3 Ra8 34. Qa4 1-0


[Site "https://www.chess.com"]

[Event "Titled Tuesday Blitz June 20 Late 2023"]
[White "Martinez, Ayelen"]
[Black "Carnicelli, Valerio"]
[WhiteFideId "118702"]
[BlackFideId "856185"]
[WhiteElo "2074"]
[BlackElo "2323"]
[Result "1-0"]
[Round "1"]
[TimeControl "180+2"]
[Date "2023.06.20"]
[WhiteClock "0:01:32"]
[BlackClock "0:00:42"]
[Board "156"]

1. e4 e6 2. d4 d5 3. Nc3 Bb4 4. e5 c5 5. a3 Bxc3+ 6. bxc3 Ne7 7. Qg4 Qc7 8. Qxg7 Rg8 9. Qxh7 cxd4 10. Ne2 dxc3 11. f4 Nbc6 12. h4 d4 13. h5 Bd7 14. h6 d3 15. Qxd3 O-O-O 16. h7 Rh8 17. Nxc3 a6 18. Ne4 Kb8 19. Qd6 Nd5 20. Bd3 Nd4 21. Qxc7+ Kxc7 22. Rb1 Bb5 23. Nd6 Bxd3 24. cxd3 Rxd6 25. exd6+ Kxd6 26. Bb2 Ne3 27. Bxd4 Nc2+ 28. Kd2 Nxd4 29. Rxb7 f5 30. Rhb1 Nc6 31. R1b6 a5 32. Ra6 1-0


[Site "https://www.chess.com"]

[Event "Titled Tuesday Blitz June 20 Late 2023"]
[White "Pinheiro, Iung Alicio de O."]
[Black "Boder, Jan"]
[WhiteFideId "2104350"]
[BlackFideId "16243226"]
[WhiteElo "2283"]
[BlackElo "2241"]
[Result "0-1"]
[Round "1"]
[TimeControl "180+2"]
[Date "2023.06.20"]
[WhiteClock "0:00:23"]
[BlackClock "0:00:38"]
[Board "157"]

1. e4 c5 2. Nf3 Nc6 3. Nc3 g6 4. h4 Nf6 5. Bb5 d6 6. Bxc6+ bxc6 7. e5 Ng4 8. Qe2 Bg7 9. exd6 Qxd6 10. d3 c4 11. dxc4 Rb8 12. O-O O-O 13. Rd1 Qc7 14. g3 Bf5 15. Bf4 e5 16. Bc1 Rfd8 17. Rxd8+ Qxd8 18. Bg5 f6 19. Bc1 Bf8 20. b3 Bc5 21. Be3 Nxe3 22. fxe3 Bg4 23. Ne4 Be7 24. Rf1 f5 25. Nf2 e4 26. Nxg4 exf3 27. Qxf3 fxg4 28. Qf7+ Kh8 29. Qe6 Qd6 30. Qxg4 Rf8 31. Rxf8+ Bxf8 32. Kg2 Kg7 33. Qd4+ Qxd4 34. exd4 c5 35. c3 Kf6 36. Kf3 Kf5 37. g4+ Ke6 38. Ke4 Kd6 39. b4 h6 40. bxc5+ Kc6 41. Ke5 Be7 42. h5 gxh5 43. gxh5 Bg5 44. Ke6 Bf4 45. a4 a5 46. Kf5 Bd2 47. Ke6 Bxc3 48. d5+ Kxc5 49. d6 Bd2 50. d7 Bg5 51. Kf7 Kxc4 52. Kg6 Kb4 53. d8=Q Bxd8 54. Kxh6 Kxa4 55. Kg6 Bb6 56. Kf5 Bd4 57. Ke4 Bh8 58. h6 Kb3 59. Kd3 a4 60. Ke4 a3 61. Kf5 a2 62. Kg6 a1=Q 63. Kh7 Be5 64. Kg8 Qa7 65. h7 Qg7# 0-1


[Site "https://www.chess.com"]

[Event "Titled Tuesday Blitz June 20 Late 2023"]
[White "Francisco_Ferrari"]
[Black "Fiorito, Francisco"]
[BlackFideId "180165"]
[WhiteElo "2249"]
[BlackElo "2319"]
[Result "0-1"]
[Round "1"]
[TimeControl "180+2"]
[Date "2023.06.20"]
[WhiteClock "0:00:03"]
[BlackClock "0:00:20"]
[Board "158"]

1. Nf3 d5 2. c4 d4 3. g3 Nc6 4. Bg2 e5 5. O-O Nf6 6. d3 Bc5 7. e3 O-O 8. exd4 exd4 9. Bg5 h6 10. Bxf6 Qxf6 11. Nbd2 Be7 12. Re1 Bf5 13. Ne4 Qg6 14. Qb3 Rab8 15. a3 Rfe8 16. Qa4 a6 17. b4 b5 18. Qc2 bxc4 19. Qxc4 Red8 20. Rac1 Rb6 21. Nfd2 Be6 22. Qc2 a5 23. b5 Nb8 24. Qxc7 Nd7 25. a4 Rdb8 26. Nc4 Bd8 27. Qf4 R6b7 28. Ncd6 Rc7 29. Rxc7 Bxc7 30. Rc1 Bb6 31. h4 Rf8 32. Nc4 Bd8 33. Ne5 Nxe5 34. Qxe5 Qg4 35. Qxd4 Qe2 36. Qe3 Qb2 37. Nc5 Bf5 38. Be4 Bh3 39. Re1 Bb6 40. d4 Bg4 41. Bf3 Bxf3 42. Qxf3 Qxd4 43. Ne4 f5 44. Nc3 Rd8 45. Ne2 Qe5 46. Rf1 Rd2 47. Nf4 Kh7 48. Qb7 Rd6 49. h5 Qc3 50. Ng6 Qxg3+ 51. Kh1 Qh3+ 52. Kg1 Qg4+ 53. Qg2 Qxh5 54. Nf8+ Kg8 55. Rc1 Kxf8 56. Rc8+ Bd8 57. Qa8 Rd1+ 58. Kg2 Qg4+ 59. Kh2 Qh4+ 60. Kg2 Qh1+ 61. Kg3 Qxa8 62. Rxa8 Ke7 63. Kf4 g6 64. Ke5 Bc7# 0-1


[Site "https://www.chess.com"]

[Event "Titled Tuesday Blitz June 20 Late 2023"]
[White "TimGrutter03"]
[Black "Rodriguez Santiago, Jaime"]
[BlackFideId "3100898"]
[WhiteElo "2580"]
[BlackElo "2025"]
[Result "1-0"]
[Round "1"]
[TimeControl "180+2"]
[Date "2023.06.20"]
[WhiteClock "0:01:46"]
[BlackClock "0:01:41"]
[Board "159"]

1. d4 Nf6 2. Nc3 d5 3. Bf4 a6 4. e3 c5 5. dxc5 Nc6 6. Nf3 Bg4 7. Be2 e6 8. Na4 Bxc5 9. Nxc5 Qa5+ 10. Nd2 Qxc5 11. Bxg4 Nxg4 12. Qxg4 O-O-O 13. c3 h5 14. Qh3 Rdg8 15. Nb3 Qc4 16. Qf3 g5 17. Bd6 f5 18. Qe2 Qxe2+ 19. Kxe2 g4 20. Rac1 1-0


[Site "https://www.chess.com"]

[Event "Titled Tuesday Blitz June 20 Late 2023"]
[White "Harshal, Shahi"]
[Black "Maiti, Milind"]
[WhiteFideId "5048257"]
[BlackFideId "2090767"]
[WhiteElo "2054"]
[BlackElo "2150"]
[Result "0-1"]
[Round "1"]
[TimeControl "180+2"]
[Date "2023.06.20"]
[WhiteClock "0:01:11"]
[BlackClock "0:00:51"]
[Board "160"]

1. e4 c5 2. Nf3 e6 3. Nc3 Nc6 4. d4 cxd4 5. Nxd4 Qc7 6. Ndb5 Qb8 7. Be3 a6 8. Bb6 axb5 9. Nxb5 Bb4+ 10. c3 Ba5 11. Nc7+ Qxc7 12. Bxc7 Bxc7 13. Bc4 Nf6 14. Qe2 O-O 15. O-O d5 16. Bd3 Ne5 17. Bc2 dxe4 18. Bxe4 Nxe4 19. Qxe4 Rb8 20. f4 Ng6 21. a4 b6 22. Qc4 Bd6 23. Rad1 Bc5+ 24. Kh1 Bb7 25. b4 Be7 26. Rd7 Bd5 27. Qe2 Rfc8 28. f5 Bc4 29. Qe1 exf5 30. Rxf5 Be6 31. Rf3 Bxd7 32. h3 Bxa4 33. Re3 Bf8 34. Qg3 Ra8 35. Re1 b5 36. Qd3 Rc4 37. Ra1 Rac8 38. Qf5 Rxc3 39. Rf1 R3c7 40. Qd3 Bxb4 41. Rd1 Bxd1 0-1


[Site "https://www.chess.com"]

[Event "Titled Tuesday Blitz June 20 Late 2023"]
[White "Hajiyev, Kanan"]
[Black "Cluke86"]
[WhiteFideId "13404148"]
[WhiteElo "2115"]
[BlackElo "2247"]
[Result "1-0"]
[Round "1"]
[TimeControl "180+2"]
[Date "2023.06.20"]
[WhiteClock "0:00:17"]
[BlackClock "0:00:16"]
[Board "161"]

1. d4 d6 2. Nf3 Nd7 3. g3 e5 4. Bg2 f5 5. O-O Ngf6 6. b3 g6 7. Bb2 e4 8. Ng5 Nb6 9. c4 d5 10. cxd5 Nbxd5 11. Nc3 c6 12. Nh3 Bh6 13. Nxd5 Nxd5 14. Bc1 Bg7 15. Ba3 Nc3 16. Qc2 Qxd4 17. Rac1 Be6 18. Nf4 Bd5 19. e3 Qe5 20. Kh1 Nb5 21. Bc5 b6 22. Bb4 c5 23. a4 Nc7 24. Bxc5 bxc5 25. Qxc5 Rd8 26. Qxc7 Qxc7 27. Rxc7 O-O 28. Nxd5 Rxd5 29. Rfc1 Rfd8 30. Bf1 Rd1 31. Rxd1 Rxd1 32. Kg2 a5 33. Bc4+ Kf8 34. Rf7+ Ke8 35. Rxg7 1-0


[Site "https://www.chess.com"]

[Event "Titled Tuesday Blitz June 20 Late 2023"]
[White "Kostiukov, Alexandr"]
[Black "Isajevsky, Anton"]
[WhiteFideId "14108100"]
[BlackFideId "4142500"]
[WhiteElo "2202"]
[BlackElo "2510"]
[Result "0-1"]
[Round "1"]
[TimeControl "180+2"]
[Date "2023.06.20"]
[WhiteClock "0:00:10"]
[BlackClock "0:00:36"]
[Board "162"]

1. g3 c5 2. Bg2 g6 3. c4 Bg7 4. Nf3 Nc6 5. O-O d6 6. Nc3 Bf5 7. d3 Qd7 8. Re1 Nf6 9. Rb1 O-O 10. a3 a5 11. Bd2 Bh3 12. Bh1 h6 13. Nd5 Nxd5 14. cxd5 Nd4 15. Nxd4 cxd4 16. Qb3 Rfc8 17. Rbc1 a4 18. Qb4 Bg4 19. f3 Bh3 20. Rc4 Rxc4 21. dxc4 Bf5 22. Rc1 h5 23. c5 dxc5 24. Rxc5 Rc8 25. Rxc8+ Qxc8 26. Qxa4 Qc5 27. Qe8+ Kh7 28. Kf2 d3+ 29. e3 Qc2 30. Ke1 Qb1+ 31. Kf2 Qxh1 32. e4 Qxh2+ 33. Ke3 Qe2+ 34. Kf4 Qxd2# 0-1


[Site "https://www.chess.com"]

[Event "Titled Tuesday Blitz June 20 Late 2023"]
[White "Piesik, Piotr"]
[Black "disciplinedbrat"]
[WhiteFideId "1136194"]
[WhiteElo "2303"]
[BlackElo "2237"]
[Result "1-0"]
[Round "1"]
[TimeControl "180+2"]
[Date "2023.06.20"]
[WhiteClock "0:00:30"]
[BlackClock "0:00:00"]
[Board "163"]

1. Nf3 g6 2. g3 Bg7 3. d4 d6 4. Bg2 c6 5. O-O Nd7 6. e4 e6 7. Qe2 Qc7 8. a4 e5 9. dxe5 Nxe5 10. Nxe5 dxe5 11. b3 Nf6 12. Ba3 Bf8 13. Rd1 Bxa3 14. Nxa3 Bg4 15. f3 Be6 16. Bf1 O-O 17. Qe3 b6 18. Bc4 Rfd8 19. Bxe6 fxe6 20. Nc4 Rxd1+ 21. Rxd1 Rd8 22. Rd3 b5 23. axb5 cxb5 24. Rxd8+ Qxd8 25. Nb2 Qa5 26. Kg2 Nd7 27. Nd3 Qc3 28. Qxa7 Qxc2+ 29. Nf2 Nc5 30. Qb8+ Kf7 31. Qxb5 Nxb3 32. Qxe5 Nc1 33. Qf4+ Kg7 34. Qe3 Nb3 35. h4 e5 36. Kh3 Nd4 37. Ng4 Qd1 38. Kg2 Qc2+ 39. Qf2 Qc5 40. Qd2 h5 41. Qh6+ Kf7 42. Qh7+ Kf8 43. Qh8+ Kf7 44. Qf6+ Ke8 45. Qxg6+ Kd7 46. Qh7+ Kc6 47. Qxh5 Qc2+ 48. Nf2 Qe2 49. Qe8+ Kc5 50. Qxe5+ Kc4 51. Qf6 Nc2 52. Qa6+ 1-0


[Site "https://www.chess.com"]

[Event "Titled Tuesday Blitz June 20 Late 2023"]
[White "Florianovitz, Derlei Alex"]
[Black "Banzea, Alexandru-Bogdan"]
[WhiteFideId "2114178"]
[BlackFideId "1232622"]
[WhiteElo "1953"]
[BlackElo "2294"]
[Result "0-1"]
[Round "1"]
[TimeControl "180+2"]
[Date "2023.06.20"]
[WhiteClock "0:00:00"]
[BlackClock "0:00:05"]
[Board "164"]

1. e4 c6 2. d4 d5 3. exd5 cxd5 4. c4 Nf6 5. Nc3 e6 6. c5 Be7 7. Nf3 O-O 8. Bf4 Ne4 9. Bd3 f5 10. O-O Nc6 11. a3 Bf6 12. Ne5 Nxd4 13. Nxe4 dxe4 14. Bc4 g5 15. Bxg5 Bxg5 16. f4 exf3 17. Nxf3 Nxf3+ 18. Rxf3 Qxd1+ 19. Rxd1 Rd8 20. Rxd8+ Bxd8 21. Rxf5 Bd7 22. Rf1 Be7 23. b4 Rd8 24. Rd1 Bc8 25. Re1 Kf7 26. Re3 Bf6 27. Rh3 Rd4 28. Be2 Rd2 29. Bf3 Bd4+ 30. Kf1 b6 31. c6 Ba6+ 32. Ke1 Ra2 33. Rxh7+ Kf6 34. Rxa7 Bc3+ 35. Kd1 Bd3 0-1


[Site "https://www.chess.com"]

[Event "Titled Tuesday Blitz June 20 Late 2023"]
[White "Mendez Fortes, Eduardo Jesus"]
[Black "Pinero Rodriguez, Carlos Jose"]
[WhiteFideId "3502376"]
[BlackFideId "3901726"]
[WhiteElo "2307"]
[BlackElo "2146"]
[Result "1-0"]
[Round "1"]
[TimeControl "180+2"]
[Date "2023.06.20"]
[WhiteClock "0:00:17"]
[BlackClock "0:00:04"]
[Board "165"]

1. e4 c5 2. Nf3 e6 3. d4 cxd4 4. Nxd4 a6 5. c4 Qc7 6. Nc3 Nf6 7. Be2 b6 8. O-O Bb7 9. f3 h5 10. Be3 d6 11. Qd2 Nbd7 12. a4 Be7 13. a5 bxa5 14. Nb3 Rc8 15. Nxa5 Ba8 16. Rfc1 O-O 17. b4 Ne5 18. Na4 Rb8 19. c5 d5 20. f4 Neg4 21. e5 Ne4 22. Qd4 Nxe3 23. Qxe3 Rxb4 24. Nb3 f6 25. Nd4 fxe5 26. Nxe6 exf4 27. Qa3 Qb8 28. Nxf8 Bxf8 29. Qa2 Qe5 30. Rd1 Bc6 31. Qc2 Bxa4 32. Rxa4 Rxa4 33. Qxa4 Bxc5+ 34. Kf1 Nc3 35. Qc2 Qe3 36. Ke1 Nxd1 37. Qxd1 Bd4 38. Qa4 Qc3+ 39. Kd1 Qc5 40. Qe8+ Qf8 41. Qe6+ Qf7 42. Qc8+ Kh7 43. Qxa6 Be3 44. Bd3+ g6 45. Qd6 Kg7 46. Qc6 Qf6 47. Qd7+ Kh6 48. Qxd5 Qa1+ 49. Ke2 Qb2+ 50. Kf3 Qf2+ 51. Ke4 Qxg2+ 52. Ke5 Qxh2 53. Kf6 Qh4+ 54. Kf7 Qg4 55. Qd6 f3 56. Bxg6 Kg5 57. Qf6+ Kh6 58. Bf5+ 1-0


[Site "https://www.chess.com"]

[Event "Titled Tuesday Blitz June 20 Late 2023"]
[White "Navia Alvarez, Edwin Adrian"]
[Black "Sharan, Rao"]
[WhiteFideId "4402898"]
[BlackFideId "5073464"]
[WhiteElo "1992"]
[BlackElo "2149"]
[Result "0-1"]
[Round "1"]
[TimeControl "180+2"]
[Date "2023.06.20"]
[WhiteClock "0:01:34"]
[BlackClock "0:02:23"]
[Board "166"]

1. d4 d5 2. Bf4 g6 3. Nc3 Bg7 4. Qd2 c6 5. O-O-O b5 6. h4 h5 7. f3 Nf6 8. e3 a5 9. Bd3 a4 10. Nh3 Nbd7 11. a3 Nb6 12. Na2 Nc4 13. Qe2 Bf5 14. Ng5 Qd7 15. e4 dxe4 16. fxe4 Bg4 17. Qe3 Nxe3 0-1


[Site "https://www.chess.com"]

[Event "Titled Tuesday Blitz June 20 Late 2023"]
[White "Ladron De Guevara Pinto, Paolo"]
[Black "Barrionuevo, Pablo"]
[WhiteFideId "2290847"]
[BlackFideId "110566"]
[WhiteElo "2398"]
[BlackElo "2212"]
[Result "0-1"]
[Round "1"]
[TimeControl "180+2"]
[Date "2023.06.20"]
[WhiteClock "0:00:00"]
[BlackClock "0:00:18"]
[Board "167"]

1. Nf3 d5 2. g3 e6 3. Bg2 Nf6 4. O-O Be7 5. d3 a5 6. Nbd2 a4 7. a3 O-O 8. e4 c5 9. Re1 Nc6 10. e5 Ne8 11. Nf1 b5 12. h4 Nc7 13. h5 b4 14. h6 g6 15. N1h2 Nb5 16. Be3 Nbd4 17. Nxd4 cxd4 18. Bf4 Rb8 19. Qc1 Qb6 20. Bg5 Qd8 21. Bxe7 Qxe7 22. Nf3 Ba6 23. Qf4 Rfc8 24. Rec1 b3 25. Bf1 bxc2 26. Rxc2 Na5 27. Rac1 Rxc2 28. Rxc2 Nb3 29. Nxd4 Nxd4 30. Qxd4 Bb5 31. Qc5 Qxc5 32. Rxc5 Be8 33. Rc2 Kf8 34. f4 Ke7 35. Kf2 Rb7 36. Ke3 Bb5 37. Kd4 Kd7 38. Be2 Ba6 39. Ke3 Bb5 40. Kd2 Ba6 41. Kc1 Bb5 42. Rc3 Ba6 43. Kc2 Bb5 44. Bd1 Bc6 45. Kc1 Bb5 46. d4 Ra7 47. Rc5 Bc4 0-1


[Site "https://www.chess.com"]

[Event "Titled Tuesday Blitz June 20 Late 2023"]
[White "Kopacz, Grzegorz"]
[Black "Bagrationi, Alexander"]
[WhiteFideId "1109880"]
[BlackFideId "14104954"]
[WhiteElo "2037"]
[BlackElo "2366"]
[Result "1-0"]
[Round "1"]
[TimeControl "180+2"]
[Date "2023.06.20"]
[WhiteClock "0:00:07"]
[BlackClock "0:00:08"]
[Board "168"]

1. d4 c5 2. d5 g6 3. c4 Bg7 4. Nc3 Nf6 5. e4 d6 6. Nf3 O-O 7. Be2 Na6 8. O-O Nc7 9. h3 a6 10. a4 Rb8 11. a5 b5 12. axb6 Rxb6 13. Qc2 e6 14. Bf4 exd5 15. cxd5 Nh5 16. Bh2 Nb5 17. Nd2 Nd4 18. Qd1 Nxe2+ 19. Nxe2 Rxb2 20. Nc4 Rb4 21. Ra4 Bd7 22. Rxb4 cxb4 23. Bxd6 Re8 24. e5 Bb5 25. Ne3 Bxe5 26. Bxb4 Nf4 27. Nxf4 Bxf1 28. Nxg6 hxg6 29. Qxf1 Bd4 30. Ng4 a5 31. Bd2 Qxd5 32. Qa6 Re6 33. Qc8+ Kg7 34. Bh6+ Kh7 35. Qf8 Re1+ 36. Kh2 Be5+ 37. f4 Bd4 38. Bg5 Bg1+ 39. Kg3 Bd4 40. Qh6+ Kg8 41. Nf6+ Bxf6 42. Bxf6 Re3+ 43. Kh2 Rxh3+ 44. Qxh3 Qh5 45. Qxh5 gxh5 46. Kg3 Kh7 47. Bb2 Kg6 48. Kh4 Kf5 49. g3 Kg6 50. Ba3 Kh6 51. Be7 a4 52. Ba3 Kg6 53. Bb4 f6 54. Ba3 f5 55. Bb4 Kh6 56. Bc5 Kg6 57. Bf8 Kf7 58. Bc5 Kg6 59. Kh3 Kf6 60. Kg2 Ke6 61. Kf3 Kd5 62. Bf8 Kd4 63. Be7 Kd3 64. Bd6 Kd4 65. Be7 Kd3 66. Kg2 Ke3 67. Kh3 Kf3 68. Kh4 Kg2 69. Kxh5 Kxg3 70. Kg5 Kf3 71. Kxf5 a3 72. Bxa3 Ke3 73. Ke5 Kd3 74. f5 Kc4 75. f6 1-0


[Site "https://www.chess.com"]

[Event "Titled Tuesday Blitz June 20 Late 2023"]
[White "Novik, Maxim"]
[Black "KSho99"]
[WhiteFideId "4102924"]
[WhiteElo "2287"]
[BlackElo "2218"]
[Result "1-0"]
[Round "1"]
[TimeControl "180+2"]
[Date "2023.06.20"]
[WhiteClock "0:00:13"]
[BlackClock "0:00:00"]
[Board "169"]

1. c4 Nf6 2. Nc3 g6 3. d4 Bg7 4. e4 d6 5. Be2 O-O 6. Nf3 e5 7. O-O exd4 8. Nxd4 Re8 9. f3 c6 10. Bg5 Qb6 11. Na4 Qa5 12. Bh4 d5 13. exd5 cxd5 14. c5 Bd7 15. Nc3 Qxc5 16. Bf2 Qb4 17. a3 Qe7 18. Re1 Nc6 19. Bf1 Qf8 20. Ncb5 Rxe1 21. Qxe1 a6 22. Nc3 Re8 23. Qd2 Qd6 24. Rd1 Nxd4 25. Bxd4 Bc6 26. g3 Qd7 27. Kg2 Qf5 28. h3 Qc8 29. g4 Qc7 30. Ne2 Nd7 31. Bxg7 Kxg7 32. Nd4 Kg8 33. Re1 Rxe1 34. Qxe1 Qe5 35. Qd2 Nc5 36. f4 Qe4+ 37. Kg3 Ne6 38. Nxe6 Qxe6 39. Bg2 Qd6 40. Qd4 Qe6 41. Bf3 Qe7 42. g5 Qf8 43. h4 Qg7 44. Qxg7+ Kxg7 45. Kf2 Kf8 46. Ke3 Ke7 47. Kd4 Kd6 48. h5 b6 49. h6 a5 50. Bg2 Bb7 51. Bh3 Ba6 52. f5 Bc4 53. fxg6 fxg6 54. Bf5 gxf5 55. g6 1-0


[Site "https://www.chess.com"]

[Event "Titled Tuesday Blitz June 20 Late 2023"]
[White "Vila Dupla, Aurelio"]
[Black "Perez, Maximiliano"]
[WhiteFideId "2203383"]
[BlackFideId "117234"]
[WhiteElo "2009"]
[BlackElo "2334"]
[Result "0-1"]
[Round "1"]
[TimeControl "180+2"]
[Date "2023.06.20"]
[WhiteClock "0:01:05"]
[BlackClock "0:02:00"]
[Board "170"]

1. Nf3 Nf6 2. d4 e6 3. a3 b6 4. g3 Bb7 5. Bg2 Be7 6. O-O O-O 7. c4 c5 8. Nc3 cxd4 9. Qxd4 Nc6 10. Qf4 Rc8 11. Rd1 Na5 12. Nd2 Bxg2 13. Kxg2 d5 14. cxd5 Nxd5 15. Nxd5 Qxd5+ 16. Qf3 Rfd8 17. e4 Qd3 18. b4 Nb3 19. Nxb3 Qxf3+ 20. Kxf3 Rxd1 21. Be3 Rxa1 22. Nxa1 Rc3 23. a4 Bxb4 0-1


[Site "https://www.chess.com"]

[Event "Titled Tuesday Blitz June 20 Late 2023"]
[White "Sreyas Payyappat"]
[Black "Cueto, Jonny"]
[WhiteFideId "46674969"]
[BlackFideId "3300145"]
[WhiteElo "2043"]
[BlackElo "2240"]
[Result "1-0"]
[Round "1"]
[TimeControl "180+2"]
[Date "2023.06.20"]
[WhiteClock "0:01:14"]
[BlackClock "0:00:48"]
[Board "171"]

1. e4 e6 2. d4 d5 3. Nc3 Nf6 4. Bg5 Be7 5. e5 Nfd7 6. Bxe7 Qxe7 7. f4 a6 8. Qg4 O-O 9. O-O-O c5 10. Nf3 b5 11. Bd3 f5 12. exf6 Nxf6 13. Qh4 Nc6 14. Rhe1 c4 15. Nxd5 Nxd5 16. Qxh7+ Kf7 17. Qh5+ 1-0


[Site "https://www.chess.com"]

[Event "Titled Tuesday Blitz June 20 Late 2023"]
[White "Taranenko, Evgueniy"]
[Black "O`Gorman, Tom"]
[WhiteFideId "14122138"]
[BlackFideId "2508249"]
[WhiteElo "2101"]
[BlackElo "2299"]
[Result "1-0"]
[Round "1"]
[TimeControl "180+2"]
[Date "2023.06.20"]
[WhiteClock "0:00:19"]
[BlackClock "0:00:09"]
[Board "172"]

1. e4 e5 2. Nf3 Nf6 3. Nxe5 d6 4. Nf3 Nxe4 5. Nc3 Nxc3 6. dxc3 Be7 7. Bd3 O-O 8. Be3 Be6 9. h4 h6 10. Qd2 Bf6 11. Bxh6 gxh6 12. Qxh6 Re8 13. Bh7+ Kh8 14. O-O-O Bg7 15. Qh5 Qf6 16. Ng5 Qh6 17. Qf3 Nc6 18. Bf5 Ne5 19. Qf4 Bxf5 20. Qxf5 Qg6 21. Qf4 f6 22. Kb1 fxg5 23. hxg5+ Kg8 24. Qh4 b5 25. f4 Nc4 26. g4 Re2 27. f5 Qf7 28. f6 Qg6 29. Rd3 Bf8 30. Qh8+ Kf7 31. Rh7+ Ke6 32. Rh1 Qxg5 33. Qh7 Ne5 34. Rd4 Qxf6 35. Rc1 Qg6 36. Qh3 Be7 37. g5+ Qf5 38. Qh1 Rg8 39. Qd5+ Kd7 40. Qxg8 Qxg5 41. Qd5 Qf6 42. Qxb5+ c6 43. Qxe2 Qe6 44. Rcd1 Bf6 45. c4 Ke7 46. Re4 c5 47. Re1 Qf5 48. Rd1 Kd7 49. b3 Nc6 50. Qd3 Nd4 51. c3 Nc6 52. Qxd6+ Kc8 53. Qxc6+ 1-0


[Site "https://www.chess.com"]

[Event "Titled Tuesday Blitz June 20 Late 2023"]
[White "WindWhistler11"]
[Black "Thiel, Thomas"]
[BlackFideId "4615964"]
[WhiteElo "2549"]
[BlackElo "2207"]
[Result "1-0"]
[Round "1"]
[TimeControl "180+2"]
[Date "2023.06.20"]
[WhiteClock "0:00:17"]
[BlackClock "0:00:00"]
[Board "173"]

1. Nf3 Nf6 2. c4 g6 3. g3 Bg7 4. Bg2 O-O 5. O-O c6 6. d3 d5 7. Qc2 Na6 8. a3 dxc4 9. Qxc4 Be6 10. Qc2 Qb6 11. Be3 Qa5 12. Nd4 Bd5 13. f3 e5 14. Nb3 Bxb3 15. Qxb3 Nd5 16. Bf2 Nc5 17. Qc2 Ne6 18. e3 Rfd8 19. Nd2 Nb6 20. Rfd1 Qc5 21. Qb1 Qb5 22. Bf1 Na4 23. Nc4 Nb6 24. Qc2 Nxc4 25. dxc4 Qa5 26. b4 Qc7 27. Rxd8+ Rxd8 28. Rd1 Rxd1 29. Qxd1 c5 30. f4 Bf8 31. Be1 exf4 32. gxf4 cxb4 33. axb4 b6 34. Qd5 Qd6 35. Qxd6 Bxd6 36. Kg2 Bc7 37. Kf3 a5 38. bxa5 bxa5 39. Ke4 a4 40. Kd5 Bb6 41. Bb4 Bxe3 42. f5 gxf5 43. c5 Bc1 44. c6 a3 45. Bc4 Bb2 46. Kd6 Bc1 47. Kd7 Bf4 48. Bxa3 Bxh2 49. Bd6 Bxd6 50. Kxd6 1-0


[Site "https://www.chess.com"]

[Event "Titled Tuesday Blitz June 20 Late 2023"]
[White "Quirke, Jeffrey"]
[Black "Martin Carmona, Gaston Manuel"]
[WhiteFideId "2013029"]
[BlackFideId "22284567"]
[WhiteElo "2199"]
[BlackElo "2245"]
[Result "1-0"]
[Round "1"]
[TimeControl "180+2"]
[Date "2023.06.20"]
[WhiteClock "0:00:09"]
[BlackClock "0:01:11"]
[Board "174"]

1. e4 c5 2. Nc3 Nc6 3. f4 a6 4. a4 d6 5. Nf3 g6 6. Bc4 Bg7 7. d3 Nf6 8. O-O O-O 9. Qe1 Bg4 10. e5 dxe5 11. fxe5 Ne8 12. Ng5 Nxe5 13. Qh4 h5 14. Be3 Nxc4 15. dxc4 Nf6 16. Bxc5 Qd2 17. Bxe7 Qe3+ 18. Kh1 Qxe7 19. Nge4 Qxe4 20. Nxe4 Nxe4 21. Rae1 Nd2 22. Rf2 Nxc4 23. h3 Be6 24. Rxe6 fxe6 25. Rxf8+ Rxf8 26. Qxc4 Rf1+ 27. Kh2 Be5+ 28. g3 Rf2+ 29. Kg1 Rf6 30. Qc8+ Kg7 31. Qxb7+ Kh6 32. Qxa6 Bxg3 33. Qd3 h4 34. a5 Rf5 35. a6 g5 36. Qd7 Rf6 37. a7 Bf2+ 38. Kg2 Bxa7 39. Qxa7 Kg6 40. b4 Kf5 41. b5 e5 42. b6 1-0


[Site "https://www.chess.com"]

[Event "Titled Tuesday Blitz June 20 Late 2023"]
[White "brm72"]
[Black "Gardezi, Arsal"]
[BlackFideId "30949521"]
[WhiteElo "2548"]
[BlackElo "1906"]
[Result "1-0"]
[Round "1"]
[TimeControl "180+2"]
[Date "2023.06.20"]
[WhiteClock "0:00:48"]
[BlackClock "0:00:20"]
[Board "175"]

1. e4 e5 2. Nf3 Nc6 3. d4 exd4 4. Nxd4 Bc5 5. Nb3 Bb6 6. Qe2 d6 7. Nc3 Nf6 8. Be3 Qe7 9. O-O-O Be6 10. g3 O-O-O 11. Bg2 Rhe8 12. Rhe1 Kb8 13. Kb1 Ng4 14. Bxb6 axb6 15. h3 Nf6 16. f4 g6 17. Qf2 Qd7 18. g4 Bxb3 19. axb3 Qc8 20. Qh4 Qe6 21. Nd5 Nd7 22. Qxh7 Ne7 23. Qh4 Nxd5 24. exd5 Qf6 25. Qg3 Nc5 26. b4 Na4 27. Qb3 b5 28. Bf1 c6 29. c4 Qxf4 30. dxc6 bxc6 31. cxb5 cxb5 32. Bxb5 Rxe1 33. Rxe1 Qd4 1-0


[Site "https://www.chess.com"]

[Event "Titled Tuesday Blitz June 20 Late 2023"]
[White "Calhoun, Luke"]
[Black "Krishnan, Varun"]
[WhiteFideId "2064421"]
[BlackFideId "5054508"]
[WhiteElo "2255"]
[BlackElo "2548"]
[Result "1-0"]
[Round "1"]
[TimeControl "180+2"]
[Date "2023.06.20"]
[WhiteClock "0:00:57"]
[BlackClock "0:00:00"]
[Board "176"]

1. Nf3 Nf6 2. d4 g6 3. Nc3 d5 4. Bf4 Bg7 5. Nb5 Na6 6. e3 O-O 7. h3 c6 8. Nc3 b5 9. Ne5 Qb6 10. a4 b4 11. a5 Qb7 12. Na4 Nd7 13. Nd3 b3 14. c3 e5 15. dxe5 c5 16. Be2 c4 17. Nc1 Nxe5 18. O-O Be6 19. Bf3 Nxf3+ 20. Qxf3 Bf5 21. Ne2 Be4 22. Qg3 Bd3 23. Rfe1 Rfe8 24. Nd4 Bxd4 25. exd4 Qd7 26. Nc5 Nxc5 27. dxc5 Qf5 28. a6 Be2 29. c6 Rac8 30. Be3 Qc2 31. Qh4 Rxc6 32. Bd4 Qxb2 33. Qh6 f6 34. Qf4 Rce6 35. Qc7 Bd3 36. Red1 Bc2 37. Rf1 1-0


[Site "https://www.chess.com"]

[Event "Titled Tuesday Blitz June 20 Late 2023"]
[White "Han, Yichen"]
[Black "zano2023"]
[WhiteFideId "1054430"]
[WhiteElo "2342"]
[BlackElo "2179"]
[Result "0-1"]
[Round "1"]
[TimeControl "180+2"]
[Date "2023.06.20"]
[WhiteClock "0:00:22"]
[BlackClock "0:00:26"]
[Board "177"]

1. d4 e5 2. dxe5 d6 3. Nf3 Bg4 4. exd6 Bxd6 5. Nc3 Nc6 6. Bg5 Nf6 7. e3 Qe7 8. Bb5 Bd7 9. Qe2 O-O-O 10. O-O-O a6 11. Ba4 Ne5 12. Nd5 Qe6 13. Bxd7+ Rxd7 14. Nxf6 gxf6 15. Bh4 Qxa2 16. Nd2 Be7 17. Nb1 Nc4 18. c3 Rhd8 19. Rd4 Rxd4 20. exd4 Bd6 21. Bg3 Bf8 22. Bf4 a5 23. Re1 a4 24. Qc2 a3 25. b3 Nb2 26. Re3 h5 27. h4 Qa1 28. g3 a2 29. Qxb2 Ba3 30. Qxa3 axb1=Q+ 31. Kd2 Qd1# 0-1


[Site "https://www.chess.com"]